 Dungeon Crawl Stone Soup version 0.27-a0-1188-g73eefd5def (webtiles) character file.

Game seed: 15142604900548526608

71708 lunkers the Thaumaturge (level 15, -14/115 HPs)
             Began as a Gnoll Earth Elementalist on May 19, 2021.
             Was the Champion of Cheibriados.
             Demolished by Saint Roka
             ... wielding a +0 great mace
              (39 damage)
             ... on level 2 of the Orcish Mines on May 20, 2021.
             The game lasted 00:55:02 (24263 turns).

lunkers the Thaumaturge (Gnoll Earth Elementalist) Turns: 24263, Time: 00:55:02

Health: -14/115    AC: 12    Str: 29    XL:     15   Next: 37%
Magic:  19/30      EV: 23    Int: 38    God:    Cheibriados [******]
Gold:   1446       SH:  8    Dex: 28    Spells: 25/36 levels left

rFire    . . .     SeeInvis .   X - +6 dagger of Sudden Death {freeze, rN+ Int+3 Stlth-}
rCold    + . .     Faith    .   B - +0 buckler
rNeg     + . .     Spirit   .   U - +0 troll leather armour
rPois    +         Reflect  .   o - +1 hat
rElec    .         Harm     .   E - +2 cloak
rCorr    +         Rampage  .   (no gloves)
Will     +....                  K - +1 pair of boots
Stlth    ++++......             s - amulet of magic regeneration
HPRegen  1.29/turn              c - ring of protection from cold
MPRegen  0.47/turn              S - ring "Kedaaf" {rPois rCorr Str+6}

@: very slow
A: fangs 1, strong nose, distributed training
a: Renounce Religion, Bend Time, Temporal Distortion, Slouch, Step From Time


You were on level 2 of the Orcish Mines.
You worshipped Cheibriados.
Cheibriados was exalted by your worship.
You visited 4 branches of the dungeon, and saw 21 of its levels.
You also visited: Bailey.

You collected 1723 gold pieces.
You spent 277 gold pieces at shops.

Inventory:

Hand Weapons
 t - a +3 short sword of freezing
 X - the +6 dagger of Sudden Death (weapon) {freeze, rN+ Int+3 Stlth-}
   (You found it on level 5 of the Lair of Beasts)

   It has been specially enchanted to freeze those struck by it, causing extra
   injury to most foes and up to half again as much damage against particularly
   susceptible opponents.
   It can also slow down cold-blooded creatures.
   It affects your intelligence (+3).
   It protects you from negative energy.
   It makes you less stealthy.
Missiles
 w - 300 stones
 O - 4 atropa-tipped darts
 P - a curare-tipped dart
 V - 3 throwing nets
Armour
 o - a +1 hat (worn)
 v - a +2 leather armour of cold resistance
 B - a +0 buckler (worn)
 D - a +2 cloak
 E - a +2 cloak (worn)
 F - the +1 robe of Yqoyffer {Drain rN+ Will++ Str+3}
   (You found it in a bailey)

   It affects your strength (+3).
   It protects you from negative energy.
   It drains your maximum health when unequipped.
   It greatly increases your willpower.
 K - a +1 pair of boots (worn)
 U - a +0 troll leather armour (worn)
Jewellery
 b - a ring of fire
 c - a ring of protection from cold (left hand)
 m - a ring of wizardry
 s - an amulet of magic regeneration (around neck)
 y - an amulet of regeneration
 G - a ring of ice
 N - a ring of protection from cold
 S - the ring "Kedaaf" (right hand) {rPois rCorr Str+6}
   (You found it on level 11 of the Dungeon)

   [ring of resist corrosion]

   It affects your strength (+6).
   It protects you from poison.
   It protects you from acid and corrosion.
 Y - a ring of wizardry
 Z - an amulet of the acrobat
Wands
 i - a wand of flame (15)
 k - a wand of paralysis (7)
 H - a wand of mindburst (21)
 I - a wand of acid (3)
 L - a wand of polymorph (30)
 M - a wand of digging (7)
 T - a wand of charming (23)
 W - a wand of iceblast (17)
Scrolls
 d - 4 scrolls of teleportation
 g - a scroll of fog
 j - 2 scrolls of fear
 n - a scroll of enchant weapon
 p - 3 scrolls of amnesia
 J - a scroll of blinking
 Q - a scroll of enchant armour
Potions
 a - 5 potions of might
 f - 5 potions of brilliance
 h - 11 potions of curing
 l - 6 potions of lignification
 q - 6 potions of mutation
 r - 4 potions of heal wounds
 u - 4 potions of flight
 x - 9 potions of ambrosia
 z - 2 potions of magic
 A - 2 potions of invisibility {unknown}
 C - a potion of attraction {unknown}
Miscellaneous
 e - a phantom mirror (inert)
 R - a condenser vane (inert)


   Skills:
 + Level 10.0 Fighting
 + Level 10.0 Short Blades
 + Level 10.0 Long Blades
 + Level 10.0 Axes
 + Level 10.0 Maces & Flails
 + Level 10.0 Polearms
 + Level 10.0 Staves
 + Level 10.0 Slings
 + Level 10.0 Bows
 + Level 10.0 Crossbows
 + Level 10.0 Throwing
 + Level 10.0 Armour
 + Level 10.9 Dodging
 + Level 10.8 Stealth
 + Level 10.0 Shields
 + Level 10.0 Unarmed Combat
 + Level 11.1 Spellcasting
 + Level 8.4 Conjurations
 + Level 8.4 Hexes
 + Level 8.4 Summonings
 + Level 8.4 Necromancy
 + Level 8.4 Translocations
 + Level 8.7 Transmutations
 + Level 8.4 Fire Magic
 + Level 8.4 Ice Magic
 + Level 8.4 Air Magic
 + Level 10.0 Earth Magic
 + Level 8.4 Poison Magic
 + Level 10.8 Invocations
 + Level 10.0 Evocations


You had 25 spell levels left.
You knew the following spells:

 Your Spells              Type           Power      Damage    Failure   Level
a - Stone Arrow           Conj/Erth      100%       3d13      1%          3
b - Passwall              Tmut/Erth      62%        N/A       1%          2
c - Sandblast             Erth           100%       2d20      1%          1
d - Lee's Rapid Deconstr  Erth           39%        3d20*     1%          5

Your spell library contained the following spells:

 Spells                   Type           Power      Damage    Failure   Level
 Corona                   Hex            78%        N/A       1%          1
 Magic Dart               Conj           100%       1d8       1%          1
 Sting                    Tmut/Pois      100%       1d8       1%          1
 Ensorcelled Hibernation  Hex/Ice        100%       N/A       1%          2
 Poisonous Vapours        Pois/Air       100%       N/A       1%          2
 Searing Ray              Conj           100%       3d7       1%          2
 Confusing Touch          Hex            71%        N/A       1%          3
 Conjure Flame            Conj/Fire      71%        6-21      1%          3
 Dazzling Flash           Conj/Hex       100%       N/A       1%          3
 Ignite Poison            Fire/Tmut/Pois 72%        N/A       1%          3
 Mephitic Cloud           Conj/Pois/Air  71%        N/A       1%          3
 Tukima's Dance           Hex            71%        N/A       1%          3
 Fulminant Prism          Conj/Hex       35%        3d18      1%          4
 Ice Form                 Ice/Tmut       72%        N/A       1%          4
 Iskenderun's Mystic Bla  Conj/Tloc      71%        2d14      1%          4
 Olgreb's Toxic Radiance  Pois           71%        N/A       1%          4
 Petrify                  Tmut/Erth      75%        N/A       1%          4
 Summon Ice Beast         Ice/Summ       71%        N/A       1%          4
 Freezing Cloud           Conj/Ice/Air   35%        6-21      10%         6
 Simulacrum               Ice/Necr       35%        N/A       10%         6
 Ozocubu's Refrigeration  Ice            35%        4d12      45%         7


Dungeon Overview and Level Annotations

Branches:
Dungeon (12/15)            Temple (1/1) D:5            Lair (6/6) D:11
  Swamp (0/4) Lair:4        Snake (0/4) Lair:3        Slime (0/5) Lair:6
    Orc (2/2) D:11            Elf (0/3) Orc:2        Bailey (visited)

Altars:
Ashenzari
Cheibriados
Dithmenos
Elyvilon
Fedhas
Gozag
Hepliaklqana
Kikubaaqudgha
Makhleb
Nemelex Xobeh
Okawaru
Qazlal
Ru
Sif Muna
Trog
Uskayaw
Vehumet
Wu Jian
Xom
Yredelemnul
Zin
The Shining One

Shops:
D:3 *   Orc:2 *

Portals:
Abyss: D:5

Annotations:
D:5 2 transporters, robertstho's ghost, novice MiBe
Orc:2 Saint Roka


Innate Abilities, Weirdness & Mutations

You have very sharp teeth.
Your uncanny sense of smell can sniff out nearby items.
Your experience applies equally to all skills.


Message History

Saint Roka invokes the aid of Beogh against you.
Beogh smites you!
* * * LOW HITPOINT WARNING * * *
Saint Roka hits Saint Roka with a +0 great mace!
Aiming: Corrosive Bolt
Press: ? - help, Shift-Dir - straight line The bolt of acid hits Saint Roka!
Saint Roka is splashed with acid.
The acid corrodes Saint Roka!
Saint Roka is heavily wounded.
Saint Roka calls down the wrath of Beogh upon Saint Roka.
Saint Roka is smitten.
Saint Roka misses you.
Unknown command.
Unknown command.
Unknown command.
You hit Saint Roka. You freeze Saint Roka.
Saint Roka is heavily wounded.
Aiming: Corrosive Bolt
Press: ? - help, Shift-Dir - straight line The bolt of acid hits Saint Roka!
Saint Roka is splashed with acid!
Saint Roka seems to be corroded for longer.
Saint Roka is severely wounded.
Saint Roka hits you with a +0 great mace!!
* * * LOW HITPOINT WARNING * * *
Saint Roka calls down the wrath of Beogh upon Saint Roka.
Saint Roka is smitten.
Unknown command.
Unknown command.
You feel much better.
Saint Roka shimmers and vanishes!
Saint Roka invokes the aid of Beogh against you.
Beogh smites you!
* * * LOW HITPOINT WARNING * * *
Unknown command.
Unknown command.
Aiming: Iceblast
Press: ? - help, Shift-Dir - straight line The mass of ice explodes!
The iceblast engulfs Saint Roka!!
Saint Roka is almost dead.
Saint Roka hits you with a +0 great mace!!!
You die...

....8...# #...........##
. #####. ##......##### .
#. ####..### # #
###..#....#### #
##............## #
#..............## #
##......#.......## #
#.....)o###[.....## #
......)@##........# #
###.....[........## #
#.............## #
###...........# # ....
#........##..## # ###...
###.......#### .......
##.#......##
.......###...[).....##
##.......###.#).......##


You could see Saint Roka (corroded).

Vanquished Creatures
  Rupert (Lair:4)
  Josephine (D:11)
  4 hydras
  3 boulder beetles
  A centaur warrior (D:10)
  5 two-headed ogres
  3 death yaks (D:11)
  An orc high priest (Orc:2)
  Pikel (D:8)
  4 orc knights
  An ugly thing (D:11)
  2 orc sorcerers (Orc:2)
  2 oklob plants
  2 manticores (D:12)
  11 elephants
  3 cyclopes
  3 black mambas
  A gargoyle (D:11)
  23 cane toads
  An efreet (D:10)
  A kobold demonologist (D:12)
  2 rime drakes (Lair:5)
  5 komodo dragons
  3 polar bears
  A queen bee (Lair:2)
  6 trolls
  5 tyrant leeches
  Prince Ribbit (D:5)
  2 hornets
  36 blink frogs
  17 dream sheep
  2 redbacks (D:12)
  5 wraiths
  Eustachio (D:3)
  5 wyverns
  A shadow (D:12)
  A human (D:11)
  48 yaks
  5 basilisks
  A steam dragon (D:10)
  4 vampire mosquitoes (Lair:6)
  9 wargs
  A naga (Lair:3)
  3 swamp worms (Lair:5)
  13 water moccasins
  3 acid dragons
  26 orc warriors
  A sky beast (D:5)
  An ice beast (D:6)
  A swamp drake (Lair:4)
  8 ogres
  2 black bears
  A necrophage (D:5)
  7 wolves
  9 centaurs
  3 kobold brigands
  A lemure (D:8)
  Blork the orc (D:5)
  24 bullfrogs
  3 scorpions
  2 gnoll sergeants
  A wyvern zombie (D:8)
  27 killer bees
  8 wights
  2 howler monkeys
  A vampire bat (D:3)
  6 electric eels
  4 centaur zombies
  3 bullfrog skeletons
  A jelly (D:4)
  A centaur skeleton (D:5)
  A gnoll shaman (D:7)
  14 orc priests
  2 hounds
  Ijyb (D:5)
  4 iguanas
  Natasha (thrice) (D:3)
  27 orc wizards
  4 hell rats (D:11)
  A killer bee zombie (D:7)
  A howler monkey zombie (D:10)
  8 adders
  10 gnolls
  2 shadow imps
  A white imp (D:5)
  An ufetubus (D:5)
  2 dart slugs (D:2)
  3 fire bats (D:3)
  84 orcs
  2 spectral bats (D:3)
  3 bat skeletons (D:3)
  A bat zombie (D:3)
  4 endoplasms
  3 giant cockroaches
  7 goblins
  4 hobgoblins
  10 jackals
  34 kobolds
  7 quokkas
  10 ball pythons
  14 bats
  A bat simulacrum (D:3)
  A frilled lizard (D:1)
  8 rats
676 creatures vanquished.

Vanquished Creatures (collateral kills)
  A hydra (D:10)
  An orc wizard (D:10)
  An orc (Orc:2)
3 creatures vanquished.

Vanquished Creatures (others)
  36 fungi
  104 plants
140 creatures vanquished.

Grand Total: 819 creatures vanquished

Notes
Turn   | Place    | Note
-------+----------+-------------------------------------------
     0 | D:1      | lunkers the Gnoll Earth Elementalist began the quest for
                  | the Orb.
     0 | D:1      | Reached XP level 1. HP: 13/13 MP: 6/6
   337 | D:1      | Reached XP level 2. HP: 19/19 MP: 5/7
  1177 | D:2      | Reached XP level 3. HP: 25/25 MP: 6/9
  1235 | D:2      | Reached skill level 5 in Spellcasting
  1244 | D:2      | Reached skill level 1 in Invocations
  1695 | D:2      | Reached skill level 1 in Fighting
  1695 | D:2      | Reached skill level 1 in Short Blades
  1695 | D:2      | Reached skill level 1 in Long Blades
  1695 | D:2      | Reached skill level 1 in Axes
  1695 | D:2      | Reached skill level 1 in Maces & Flails
  1695 | D:2      | Reached skill level 1 in Polearms
  1695 | D:2      | Reached skill level 1 in Staves
  1695 | D:2      | Reached skill level 1 in Slings
  1695 | D:2      | Reached skill level 1 in Bows
  1695 | D:2      | Reached skill level 1 in Crossbows
  1695 | D:2      | Reached skill level 1 in Throwing
  1695 | D:2      | Reached skill level 1 in Armour
  1695 | D:2      | Reached skill level 1 in Shields
  1695 | D:2      | Reached skill level 1 in Unarmed Combat
  1695 | D:2      | Reached skill level 1 in Evocations
  1695 | D:2      | Reached XP level 4. HP: 32/32 MP: 9/11
  1826 | D:3      | Noticed a scorpion
  1834 | D:3      | Killed a scorpion
  1835 | D:3      | Reached skill level 1 in Conjurations
  1835 | D:3      | Reached skill level 1 in Hexes
  1835 | D:3      | Reached skill level 1 in Summonings
  1835 | D:3      | Reached skill level 1 in Necromancy
  1835 | D:3      | Reached skill level 1 in Translocations
  1835 | D:3      | Reached skill level 1 in Fire Magic
  1835 | D:3      | Reached skill level 1 in Ice Magic
  1835 | D:3      | Reached skill level 1 in Air Magic
  1835 | D:3      | Reached skill level 1 in Poison Magic
  1835 | D:3      | Reached XP level 5. HP: 11/37 MP: 3/12
  2416 | D:3      | Noticed Natasha
  2423 | D:3      | Killed Natasha
  2450 | D:3      | Found a hide-covered altar of Uskayaw.
  2566 | D:3      | Noticed Natasha
  2588 | D:3      | Killed Natasha
  2691 | D:3      | Reached XP level 6. HP: 44/44 MP: 8/13
  2734 | D:3      | Noticed Natasha
  2740 | D:3      | Killed Natasha
  2763 | D:3      | Reached skill level 5 in Dodging
  2945 | D:3      | Found Demaiwn's Assorted Antiques.
  3222 | D:4      | Noticed Eustachio
  3279 | D:3      | Killed Eustachio
  3280 | D:3      | Reached XP level 7. HP: 33/51 MP: 8/15
  3306 | D:3      | Learned a level 2 spell: Passwall
  3310 | D:3      | Learned a level 3 spell: Stone Arrow
  3429 | D:4      | You fall into a shaft and drop 2 floors!
  3442 | D:5      | Entered Level 5 of the Dungeon
  3451 | D:5      | Noticed Prince Ribbit
  3463 | D:5      | Killed Prince Ribbit
  3464 | D:5      | Reached skill level 5 in Stealth
  3526 | D:5      | Found a staircase to the Ecumenical Temple.
  3568 | D:5      | Reached XP level 8. HP: 24/57 MP: 6/16
  3879 | D:5      | Found a transporter.
  3885 | D:5      | Noticed Ijyb
  3909 | D:5      | Killed Ijyb
  3931 | Temple   | Entered the Ecumenical Temple
  4226 | Temple   | Became a worshipper of Cheibriados the Contemplative
  4258 | D:5      | Found a transporter.
  4262 | D:5      | Noticed robertstho's ghost (novice MiBe)
  4466 | D:5      | Reached skill level 6 in Spellcasting
  4504 | D:5      | Noticed Blork the orc
  4508 | D:5      | Killed Blork the orc
  5122 | D:5      | Found a one-way gate to the infinite horrors of the Abyss.
  5979 | D:6      | Reached * piety under Cheibriados
  6042 | D:6      | Reached XP level 9. HP: 65/65 MP: 12/18
  7169 | D:7      | Reached ** piety under Cheibriados
  7584 | D:7      | Found a flagged portal.
  7591 | Bailey   | Entered a bailey
  7733 | Bailey   | Reached skill level 5 in Invocations
  7772 | Bailey   | Reached *** piety under Cheibriados
  7783 | Bailey   | Found a burning altar of Makhleb.
  7798 | Bailey   | Identified the +1 robe of Yqoyffer {Drain rN+ Will++ Str+3}
  8096 | D:7      | Noticed a hornet
  8098 | D:7      | Killed a hornet
  8099 | D:7      | Reached skill level 7 in Spellcasting
  8267 | D:8      | Reached XP level 10. HP: 73/73 MP: 8/20
  8286 | D:8      | Identified the +1 chain mail of the Hall of Blades {rF+}
  8433 | D:8      | Reached skill level 5 in Fighting
  8433 | D:8      | Reached skill level 5 in Short Blades
  8433 | D:8      | Reached skill level 5 in Long Blades
  8433 | D:8      | Reached skill level 5 in Axes
  8433 | D:8      | Reached skill level 5 in Maces & Flails
  8433 | D:8      | Reached skill level 5 in Polearms
  8433 | D:8      | Reached skill level 5 in Staves
  8433 | D:8      | Reached skill level 5 in Slings
  8433 | D:8      | Reached skill level 5 in Bows
  8433 | D:8      | Reached skill level 5 in Crossbows
  8433 | D:8      | Reached skill level 5 in Throwing
  8433 | D:8      | Reached skill level 5 in Armour
  8433 | D:8      | Reached skill level 5 in Shields
  8433 | D:8      | Reached skill level 5 in Unarmed Combat
  8433 | D:8      | Reached skill level 5 in Evocations
  8655 | D:8      | Noticed Pikel
  8677 | D:8      | Killed Pikel
  8982 | D:8      | Reached **** piety under Cheibriados
  8983 | D:8      | Reached skill level 5 in Transmutations
  9448 | D:9      | Noticed a two-headed ogre
  9453 | D:9      | Killed a two-headed ogre
  9454 | D:9      | Reached XP level 11. HP: 81/81 MP: 8/22
  9806 | D:9      | Noticed a two-headed ogre
  9809 | D:9      | Killed a two-headed ogre
  9810 | D:9      | Reached skill level 5 in Conjurations
  9810 | D:9      | Reached skill level 5 in Hexes
  9810 | D:9      | Reached skill level 5 in Summonings
  9810 | D:9      | Reached skill level 5 in Necromancy
  9810 | D:9      | Reached skill level 5 in Translocations
  9810 | D:9      | Reached skill level 5 in Fire Magic
  9810 | D:9      | Reached skill level 5 in Ice Magic
  9810 | D:9      | Reached skill level 5 in Air Magic
  9810 | D:9      | Reached skill level 5 in Poison Magic
 10117 | D:10     | Entered Level 10 of the Dungeon
 10320 | D:10     | Reached skill level 8 in Spellcasting
 11052 | D:10     | Reached ***** piety under Cheibriados
 11052 | D:10     | Noticed an eight-headed hydra
 11063 | D:10     | HP: 4/82 [eight-headed hydra (4)]
 11064 | D:10     | Killed an eight-headed hydra
 11348 | D:10     | Identified the +1 chain mail of the Lost Path {rElec Regen+
                  | Int-5 Slay+2}
 11418 | D:10     | Noticed a centaur warrior
 11536 | D:10     | Killed a centaur warrior
 11917 | D:10     | Noticed a cyclops
 11925 | D:10     | Killed a cyclops
 12562 | D:11     | Found a staircase to the Orcish Mines.
 12622 | D:11     | Noticed a red ugly thing
 12631 | D:11     | Killed a red ugly thing
 12632 | D:11     | Reached XP level 12. HP: 63/89 MP: 11/24
 12763 | D:11     | Identified the ring "Kedaaf" {rPois rCorr Str+6}
 12836 | D:11     | Noticed a death yak
 12837 | D:11     | Found a staircase to the Lair.
 12842 | D:11     | Killed a death yak
 13013 | D:11     | Noticed a death yak
 13015 | D:11     | Noticed a death yak
 13020 | D:11     | Killed a death yak
 13026 | D:11     | Noticed Josephine
 13116 | D:11     | Killed Josephine
 13532 | D:11     | Killed a death yak
 13836 | D:12     | Noticed a two-headed ogre
 13839 | D:12     | Killed a two-headed ogre
 13840 | D:12     | Reached skill level 9 in Spellcasting
 13890 | D:12     | Noticed a boulder beetle
 13903 | D:11     | Killed a boulder beetle
 14011 | D:12     | Reached ****** piety under Cheibriados
 14213 | D:12     | Noticed a boulder beetle
 14470 | D:12     | Noticed a two-headed ogre
 14500 | D:12     | Killed a two-headed ogre
 14508 | D:12     | Reached XP level 13. HP: 38/98 MP: 3/26
 14820 | Lair:1   | Entered Level 1 of the Lair of Beasts
 15884 | Lair:2   | Upgraded the game from 0.27-a0-1186-g8b4daa1eef to
                  | 0.27-a0-1188-g73eefd5def
 16045 | Lair:2   | Learned a level 5 spell: Lee's Rapid Deconstruction
 17735 | Lair:3   | Reached skill level 10 in Spellcasting
 17931 | Lair:3   | Found a staircase to the Snake Pit.
 18920 | Lair:4   | Noticed Rupert
 18933 | Lair:4   | Killed Rupert
 18934 | Lair:4   | Reached XP level 14. HP: 100/106 MP: 6/28
 19003 | Lair:4   | Reached skill level 10 in Dodging
 19292 | Lair:4   | Found a staircase to the Swamp.
 19418 | Lair:4   | Identified the +7 rapier of Wisdom {distort, rElec}
 20226 | Lair:5   | Reached skill level 10 in Stealth
 20367 | Lair:5   | Identified the +6 dagger of Sudden Death {freeze, rN+ Int+3
                  | Stlth-}
 20558 | Lair:5   | Reached skill level 10 in Invocations
 20838 | Lair:6   | Entered Level 6 of the Lair of Beasts
 21724 | Lair:6   | Identified the +4 halberd of Temperance {freeze, rN+ Str-5
                  | Int+8}
 22003 | Lair:6   | Reached XP level 15. HP: 115/115 MP: 20/29
 22327 | Lair:6   | Found a staircase to the Slime Pits.
 22784 | Orc:1    | Entered Level 1 of the Orcish Mines
 22992 | Orc:2    | Entered Level 2 of the Orcish Mines
 23116 | Orc:1    | Reached skill level 11 in Spellcasting
 23204 | Orc:2    | Reached skill level 10 in Earth Magic
 23743 | Orc:2    | Reached skill level 10 in Fighting
 23743 | Orc:2    | Reached skill level 10 in Short Blades
 23743 | Orc:2    | Reached skill level 10 in Long Blades
 23743 | Orc:2    | Reached skill level 10 in Axes
 23743 | Orc:2    | Reached skill level 10 in Maces & Flails
 23743 | Orc:2    | Reached skill level 10 in Polearms
 23743 | Orc:2    | Reached skill level 10 in Staves
 23743 | Orc:2    | Reached skill level 10 in Slings
 23743 | Orc:2    | Reached skill level 10 in Bows
 23743 | Orc:2    | Reached skill level 10 in Crossbows
 23743 | Orc:2    | Reached skill level 10 in Throwing
 23743 | Orc:2    | Reached skill level 10 in Armour
 23743 | Orc:2    | Reached skill level 10 in Shields
 23743 | Orc:2    | Reached skill level 10 in Unarmed Combat
 23743 | Orc:2    | Reached skill level 10 in Evocations
 23903 | Orc:2    | Found Niros's Assorted Antiques.
 23932 | Orc:2    | Bought a glowing cloak for 277 gold pieces
 23987 | Orc:2    | Found a staircase to the Elven Halls.
 24231 | Orc:2    | Paralysed by an orc sorcerer for 2 turns
 24234 | Orc:2    | Noticed Saint Roka
 24263 | Orc:2    | Demolished by Saint Roka

Illustrated notes

Levels and vault maps discovered:
D:1:      ncdulo_smallfort, layout_loops_ring, minmay_heptomino_w4
D:2:      layout_rooms
D:3:      layout_loops_ring, old_standard_altar, serial_shops, shop_statue,
          goddamned_bats, uniq_natasha
D:4:      layout_basic, uniq_eustachio
D:5:      layout_basic, minmay_temple_entry_offerings,
          gammafunk_ghost_abyssal_escape, uniq_ijyb, uniq_blork_the_orc,
          uniq_prince_ribbit1
D:6:      layout_basic, portal_sewer_entry_e
D:7:      layout_basic, enter_bailey_2
D:8:      layout_rooms, uniq_pikel
D:9:      layout_basic, nicolae_two_hexagons
D:10:     layout_basic, minmay_pinched_square
D:11:     layout_gridville, dpeg_lair_monsters, erik_orc_4,
          kennysheep_small_spiral, uniq_josephine
D:12:     layout_rooms, special_room [special_room_orc],
          lightli_fourway_metalbox
Temple:   minmay_crystal_snake_temple
Lair:1:   layout_hall_layers, minmay_stone_trees_small
Lair:2:   layout_hall_layers, special_room [special_room_bee],
          chequers_serial_rivers_micro_b
Lair:3:   layout_regular_city, guppyfry_snake_entry_garden,
          infiniplex_staircase_pool_2, grunt_megastairs_5, lemuel_fruit_fields
Lair:4:   layout_cave_pods, minmay_swamp_entry_reptiles, uniq_rupert
Lair:5:   layout_loops_ring, serial_bayou_pond_e, worms_lemuel
Lair:6:   minmay_lair_end_frog_pond, layout_long_grid, slime_dummy
Orc:1:    layout_diamond_mine, serial_shops, shop, trog_butcher_becter
Orc:2:    grunt_orc_cross, layout_diamond_mine, serial_shops, shop

Skill      XL: |  1  2  3  4  5  6  7  8  9 10 11 12 13 14 15 |
---------------+----------------------------------------------+-----
Transmutations | 2 3 4 5 6 7 8 |  8.7
Spellcasting   | 5 6 7 8 9 10 11 | 11.1
Invocations    | 1 2 3 4 5 6 7 8 9 10 | 10.8
Fighting       | 1 2 3 4 5 6 7 8 9 10 | 10.0
Short Blades   | 1 2 3 4 5 6 7 8 9 10 | 10.0
Long Blades    | 1 2 3 4 5 6 7 8 9 10 | 10.0
Axes           | 1 2 3 4 5 6 7 8 9 10 | 10.0
Maces & Flails | 1 2 3 4 5 6 7 8 9 10 | 10.0
Polearms       | 1 2 3 4 5 6 7 8 9 10 | 10.0
Staves         | 1 2 3 4 5 6 7 8 9 10 | 10.0
Slings         | 1 2 3 4 5 6 7 8 9 10 | 10.0
Bows           | 1 2 3 4 5 6 7 8 9 10 | 10.0
Crossbows      | 1 2 3 4 5 6 7 8 9 10 | 10.0
Throwing       | 1 2 3 4 5 6 7 8 9 10 | 10.0
Armour         | 1 2 3 4 5 6 7 8 9 10 | 10.0
Shields        | 1 2 3 4 5 6 7 8 9 10 | 10.0
Unarmed Combat | 1 2 3 4 5 6 7 8 9 10 | 10.0
Evocations     | 1 2 3 4 5 6 7 8 9 10 | 10.0
Conjurations   | 1 2 3 4 5 6 7 8 |  8.4
Hexes          | 1 2 3 4 5 6 7 8 |  8.4
Summonings     | 1 2 3 4 5 6 7 8 |  8.4
Necromancy     | 1 2 3 4 5 6 7 8 |  8.4
Translocations | 1 2 3 4 5 6 7 8 |  8.4
Fire Magic     | 1 2 3 4 5 6 7 8 |  8.4
Ice Magic      | 1 2 3 4 5 6 7 8 |  8.4
Air Magic      | 1 2 3 4 5 6 7 8 |  8.4
Poison Magic   | 1 2 3 4 5 6 7 8 |  8.4
Dodging        | 5 6 7 8 9 10 | 10.9
Stealth        | 5 6 7 8 9 10 | 10.8
Earth Magic    | 6 7 8 9 10 | 10.0

Action                   |  1- 3 |  4- 6 |  7- 9 | 10-12 | 13-15 || total
-------------------------+-------+-------+-------+-------+-------++-------
Melee: Unarmed           |     2 |       |       |       |       ||     2
       Short sword       |       |       |    49 |   118 |    64 ||   231
       Bite              |       |       |     6 |    21 |    28 ||    55
       Dagger            |       |       |       |       |    81 ||    81
 Cast: Sandblast         |    43 |    86 |    55 |    24 |    58 ||   266
       Stone Arrow       |       |       |   138 |   317 |   631 ||  1086
       Passwall          |       |       |       |       |     1 ||     1
       Lee's Rapid Decon |       |       |       |       |     9 ||     9
Evoke: Wand              |       |       |     5 |     1 |     9 ||    15
       Phantom mirror    |       |       |       |     1 |     2 ||     3
       Condenser vane    |       |       |       |     1 |     2 ||     3
  Use: Potion            |       |     2 |       |       |     1 ||     3
       Scroll            |       |       |     1 |     4 |    19 ||    24
 Stab: Paralysed         |       |       |       |       |     1 ||     1
       Distracted        |       |       |       |       |     1 ||     1
Armor: Robe              |     1 |    16 |       |       |       ||    17
       Leather armour    |       |       |    39 |    49 |       ||    88
       Troll leather arm |       |       |       |    30 |   143 ||   173
Dodge: Dodged            |     4 |    28 |    62 |   264 |   650 ||  1008
Block: Buckler           |       |       |    18 |   120 |   303 ||   441

Table legend: (Time is in decaauts)
 A = Elapsed time spent in this place.
 B = Non-inter-level travel time spent in this place.
 C = Inter-level travel time spent in this place.
 D = Time resting spent in this place.
 E = Time spent auto-exploring this place.
 F = Levels seen in this place.
 G = Mean time per level.
                   A        B        C        D        E       F      G
               +--------+--------+--------+--------+--------+-----+--------+
         Total |  33631 |  31712 |   1919 |   1031 |  24710 |  22 | 1528.7 |
       Dungeon |  18236 |  17303 |    933 |    499 |  13908 |  12 | 1519.7 |
        Temple |    319 |    265 |     54 |      0 |    243 |   1 |  319.0 |
          Lair |  12695 |  11764 |    931 |    239 |   9345 |   6 | 2115.8 |
  Orcish Mines |   2006 |   2006 |      0 |    264 |   1017 |   2 | 1003.0 |
        Bailey |    373 |    373 |      0 |     29 |    197 |   1 |  373.0 |
               +--------+--------+--------+--------+--------+-----+--------+

Top non-repeatable levels by time:
    D:10: 3148 daAuts
  Lair:2: 2628 daAuts
  Lair:6: 2405 daAuts
    D:11: 2324 daAuts
  Lair:3: 2192 daAuts
  Lair:5: 1955 daAuts
  Lair:1: 1899 daAuts
     D:5: 1875 daAuts
     D:3: 1620 daAuts
  Lair:4: 1614 daAuts
     D:9: 1523 daAuts
     D:6: 1441 daAuts
   Orc:2: 1359 daAuts
    D:12: 1350 daAuts
     D:8: 1287 daAuts
